 Dungeon Crawl Stone Soup version 0.26-a0-639-g72c4674329 (webtiles) character file.

Game seed: 16078334014977658771

15 Borgoz the Sneak (level 2, 0/19 HPs)
             Began as a Halfling Brigand on Sept 18, 2020.
             Slain by a quokka (1 damage)
             ... on level 1 of the Dungeon.
             The game lasted 00:00:45 (1109 turns).

Borgoz the Sneak (Halfling Brigand)                 Turns: 1109, Time: 00:00:45

Health: 0/19       AC:  3    Str: 12    XL:     2   Next: 65%
Magic:  2/2        EV: 14    Int:  9    God:
Gold:   107        SH:  0    Dex: 15    Spells: 1/1 levels left

rFire    . . .     SeeInvis .   a - +2 dagger
rCold    . . .     Faith    .   (shield restricted)
rNeg     . . .     Spirit   .   b - +0 robe
rPois    .         Reflect  .   (no helmet)
rElec    .         Harm     .   c - +0 cloak
rCorr    .         Rampage  .   (no gloves)
MR       .....                  (no boots)
Stlth    +++.......             (no amulet)
HPRegen  0.06/turn              (no ring)
MPRegen  0.08/turn              (no ring)

@: lethally poisoned (0 -> -4), stab
A: small, mutation resistance 1
a: no special abilities


You were on level 1 of the Dungeon.
You visited 1 branch of the dungeon, and saw 2 of its levels.

You collected 107 gold pieces.

Inventory:

Hand Weapons
 a - a +2 dagger (weapon)
Missiles
 d - 8 poisoned darts (quivered)
 e - 2 curare-tipped darts
Armour
 b - a +0 robe (worn)
 c - a +0 cloak (worn)
Scrolls
 f - a scroll of fear {unknown}
 g - a scroll of teleportation {unknown}
 h - a scroll of enchant armour {unknown}
 i - a scroll of remove curse {unknown}
Potions
 j - a potion of stabbing


   Skills:
 * Level 2.0 Fighting
 * Level 2.8 Short Blades
 - Level 2.0 Throwing
 * Level 1.0 Armour
 * Level 1.4 Dodging
 + Level 4.4 Stealth


You had one spell level left.
You didn't know any spells.
Your spell library was empty.

Dungeon Overview and Level Annotations

Branches:
Dungeon (2/15)

Altars:


Innate Abilities, Weirdness & Mutations

You are small and have problems with some larger weapons.
You are somewhat resistant to further mutation.


Message History

* * * LOW HITPOINT WARNING * * *
The quokka misses you.
You barely miss the adder.
The adder is heavily wounded.
The bat closely misses you. The adder closely misses you.
The quokka misses you.
You barely miss the adder.
The adder is heavily wounded.
* * * LOW HITPOINT WARNING * * *
You feel sick. The bat hits you but does no damage.
The adder closely misses you. The quokka barely misses you.
You barely miss the adder.
The adder is heavily wounded.
The bat barely misses you. The adder bites you but does no damage.
The quokka misses you. The adder misses you.
You hit the adder.
The adder is heavily wounded.
* * * LOW HITPOINT WARNING * * *
You feel sick. The quokka bites you.
You die...

...........# #.............##.#..
#..#.##..#####....##..#.#..##.#..
#................................
#[##.##..........................
#.##.##..........................
########.#.###..##.#..#.#.####...
.......#.#.# #..##.#........##...
####.#.#.#.###.r##.##.#.#.#.##...
..#.##.#.......b@...#.#.#.#.##...
##.#.#.#.........S..#.#.#.#.##...
.#.#.#.#..................#.##.#.
.#.#.#.###.##....................
.+.#.#.'.'.##..###..#.#.#...##.##
.#.#.#.###.##.........#.#........
.#.#.#.#.........................
##.#.#.#...##...###........###.##
..#.##.#...##...# #.#............


You could see an adder, a quokka and a bat.

Vanquished Creatures
  3 bats (D:1)
  3 giant cockroaches (D:1)
  2 goblins
  2 hobgoblins (D:1)
  3 frilled lizards (D:1)
  A rat (D:1)
14 creatures vanquished.

Notes
Turn   | Place    | Note
-------+----------+-------------------------------------------
     0 | D:1      | Borgoz the Halfling Brigand began the quest for the Orb.
     0 | D:1      | Reached XP level 1. HP: 14/14 MP: 1/1
   332 | D:1      | Reached XP level 2. HP: 19/19 MP: 2/2
  1098 | D:2      | Reached skill level 1 in Armour
  1109 | D:1      | Slain by a quokka

Illustrated notes

Levels and vault maps discovered:
D:1:      matt_arrival_los_fun, layout_basic
D:2:      layout_basic, nicolae_overflow_hidden_temple

Skill      XL: |  1  2 |
---------------+-------+-----
Fighting       | 2 |  2.0
Armour         | 1 |  1.0
Short Blades   | |  2.8
Throwing       | |  2.0
Dodging        | |  1.4
Stealth        | |  4.4

Action                   || total
-------------------------++-------
Melee: Dagger            ||    51
  Use: Potion            ||     1
 Stab: Sleeping          ||     3
Armor: Robe              ||    16
Dodge: Dodged            ||    59

Table legend: (Time is in decaauts)
 A = Elapsed time spent in this place.
 B = Non-inter-level travel time spent in this place.
 C = Inter-level travel time spent in this place.
 D = Time resting spent in this place.
 E = Time spent auto-exploring this place.
 F = Levels seen in this place.
 G = Mean time per level.
                   A        B        C        D        E       F      G
               +--------+--------+--------+--------+--------+-----+--------+
         Total |   1103 |   1059 |     44 |     87 |    851 |   2 |  551.5 |
       Dungeon |   1103 |   1059 |     44 |     87 |    851 |   2 |  551.5 |
               +--------+--------+--------+--------+--------+-----+--------+

Top non-repeatable levels by time:
     D:1: 1100 daAuts
     D:2: 2 daAuts
